 Dungeon Crawl Stone Soup version 0.27-a0-79-gcaaa221d37 (webtiles) character file.

Game seed: 17806234898789656635

462 kae the Insei (level 7, 0/45 HPs)
             Began as an Octopode Transmuter on Jan 14, 2021.
             Was an Initiate of Wu Jian.
             Slain by Prince Ribbit (12 damage)
             ... on level 5 of the Dungeon.
             The game lasted 00:02:58 (5880 turns).

kae the Insei (Octopode Transmuter)                 Turns: 5880, Time: 00:02:58

Health: 0/45       AC:  2    Str: 12    XL:     7   Next: 7%
Magic:  9/11       EV: 21    Int: 15    God:    Wu Jian [......]
Gold:   252        SH:  0    Dex: 17    Spells: 4/12 levels left

rFire    . . .     SeeInvis .     - Unarmed
rCold    . . .     Faith    .   (shield currently unavailable)
rNeg     . . .     Spirit   .   (helmet currently unavailable)
rPois    x         Reflect  .   (no amulet)
rElec    .         Harm     .   (no ring)
rCorr    .         Rampage  .   (no ring)
Will     .....                  (no ring)
Stlth    ++........             (no ring)
HPRegen  0.15/turn              (no ring)
MPRegen  0.12/turn              (no ring)
                                (no ring)
                                (no ring)

@: spider-form
A: tiny, almost no armour, stealthy swim, (amphibious), 8 rings, (constrict 8)
a: End Transformation, Renounce Religion


You were on level 5 of the Dungeon.
You worshipped Wu Jian.
Wu Jian was noncommittal.
You were a venomous arachnid creature.
You visited 2 branches of the dungeon, and saw 6 of its levels.

You collected 252 gold pieces.

Inventory:

Armour
 a - a +2 hat
 l - a +2 hat (melded)
Wands
 i - a wand of random effects (19)
Scrolls
 b - 4 scrolls of teleportation
 c - 2 scrolls of identify
 d - a scroll of noise {unknown}
 f - 2 scrolls of magic mapping
 g - a scroll of fear
 h - a scroll of enchant weapon {unknown}
 j - a scroll of remove curse
 n - a scroll of fog {unknown}
Potions
 e - 2 potions of attraction
 k - a potion of mutation


   Skills:
 + Level 2.5 Fighting
 + Level 3.0 Dodging
 * Level 4.8 Unarmed Combat
 + Level 3.0 Spellcasting
 + Level 3.3 Transmutations
 * Level 1.2 Ice Magic
 - Level 3.0 Poison Magic


You had 4 spell levels left.
You knew the following spells:

 Your Spells              Type           Power        Failure   Level
a - Beastly Appendage     Tmut           24%          16%         1
b - Spider Form           Tmut/Pois      5%           36%         3
c - Ice Form              Ice/Tmut       9%           80%         4

Your spell library contained the following spells:

 Spells                   Type           Power        Failure   Level
 Wereblood                Tmut           12%          21%         2
 Blade Hands              Tmut           6%           93%         5


Dungeon Overview and Level Annotations

Branches:
Dungeon (5/15)             Temple (1/1) D:4

Altars:
Ashenzari
Elyvilon
Fedhas
Gozag
Kikubaaqudgha
Nemelex Xobeh
Qazlal
Sif Muna
Trog
Wu Jian
Xom
Yredelemnul
Zin
The Shining One

Annotations:
D:3 exclusion: door
D:4 exclusion: centaur
D:5 Prince Ribbit


Innate Abilities, Weirdness & Mutations

You cannot wear most types of armour.
You are very stealthy in the water. (Stealth+)
((You are amphibious.))
You can wear up to eight rings at the same time.
((You can use your tentacles to constrict eight enemies at once.))
((Your skin changes colour to match your surroundings (Stealth+).))
((Your rubbery body absorbs attacks. (AC +1, EV +1)))


Message History

You see here 15 stones.
As you open the large door, it creaks loudly!
Found a sparkling altar of Nemelex Xobeh.
Found an escape hatch in the floor.
Prince Ribbit is nearby!
Prince Ribbit is nearby!
Casting: Spider Form (dangerous; 17% risk of failure)
Confirm with . or Enter, or press ? or * to list all spells.
You turn into a venomous arachnid creature.
Your +2 hat melds into your body.
Prince Ribbit blinks!
Prince Ribbit closely misses you.
You barely miss Prince Ribbit.
Prince Ribbit blinks!
You barely miss Prince Ribbit. Prince Ribbit hits you!
You hit Prince Ribbit.
Prince Ribbit is lightly wounded.
Prince Ribbit hits you!
* * * LOW HITPOINT WARNING * * *
Prince Ribbit hits you!
You die...

....# #...# .P.P. ...#
#...## #..... ...##
#....# ###...... ....#
#...###........ ....##
##.............#
..[..####.......?.....##
.......#..##............
#........####.......(...
#......### #...sF......
#.....## ##..........
......## ##...##......
.......#####....# #.....
.........#...##.# .....
.......#....####.. ...#.
.......###.## ....###
.......# #..# ...##
.......# ##.# ..##


You could see Prince Ribbit.

Vanquished Creatures
  An ogre (D:4)
  A centaur (D:4)
  A bullfrog (D:3)
  2 hounds
  A worker ant zombie (D:5)
  Robin (D:2)
  6 adders
  An ufetubus (D:5)
  3 dart slugs
  4 leopard geckos (D:1)
  An orc (D:3)
  5 giant cockroaches
  19 goblins
  7 hobgoblins
  5 jackals
  3 ball pythons
  8 bats
  3 frilled lizards
  6 kobolds
  2 leopard gecko skeletons (D:4)
  A leopard gecko zombie (D:5)
  10 rats
91 creatures vanquished.

Notes
Turn   | Place    | Note
-------+----------+-------------------------------------------
     0 | D:1      | kae the Octopode Transmuter began the quest for the Orb.
     0 | D:1      | Reached XP level 1. HP: 13/13 MP: 3/3
   129 | D:1      | Reached XP level 2. HP: 11/18 MP: 3/5
   539 | D:1      | Reached XP level 3. HP: 18/23 MP: 6/6
   543 | D:1      | Learned a level 3 spell: Spider Form
  1322 | D:2      | Noticed Robin
  1490 | D:2      | Found a faded altar of an unknown god.
  1540 | D:2      | Reached XP level 4. HP: 12/28 MP: 7/7
  1819 | D:2      | Found a bloodstained altar of Trog.
  1915 | D:1      | Reached skill level 1 in Poison Magic
  2269 | D:2      | Killed Robin
  3239 | D:3      | Reached XP level 5. HP: 34/34 MP: 8/8
  3415 | D:3      | Found a shimmering blue altar of Sif Muna.
  3547 | D:3      | Reached skill level 4 in Unarmed Combat
  4031 | D:4      | Found a blossoming altar of Fedhas.
  4044 | D:4      | Noticed a centaur
  4375 | D:4      | Found a staircase to the Ecumenical Temple.
  4680 | Temple   | Entered the Ecumenical Temple
  4807 | Temple   | Became a worshipper of the Wu Jian Council
  4842 | D:4      | Noticed an ogre
  4853 | D:4      | Killed an ogre
  4854 | D:4      | Reached XP level 6. HP: 39/39 MP: 8/10
  4889 | D:4      | Learned a level 4 spell: Ice Form
  5492 | D:5      | Entered Level 5 of the Dungeon
  5503 | D:5      | Reached skill level 1 in Ice Magic
  5594 | D:5      | Reached XP level 7. HP: 45/45 MP: 11/11
  5684 | D:5      | Noticed Prince Ribbit
  5687 | D:5      | Found a basalt altar of Yredelemnul.
  5851 | D:5      | Found a sparkling altar of Nemelex Xobeh.
  5880 | D:5      | Slain by Prince Ribbit

Illustrated notes

Levels and vault maps discovered:
D:1:      minmay_arrival_three_doors, layout_basic, minmay_misc_feat_nine_boxes,
          minivault_23
D:2:      layout_rooms, bloody_trog, chequers_ecumenical_altar_simple,
          uniq_robin
D:3:      layout_basic, led_sif_book
D:4:      layout_basic, fedhas_bush_and_centaur_altar,
          minmay_temple_entry_drinking_statues, minmay_misc_feat_tower
D:5:      layout_layer_cave, lemuel_crystal_altar, general_overflow_altar,
          nicolae_dithmenos_through_a_glass_darkly, yredelemnul_altar_generic,
          ebering_ghost_gozag, uniq_prince_ribbit1
Temple:   nicolae_temple_figure_zero

Skill      XL: |  1  2  3  4  5  6  7 |
---------------+----------------------+-----
Poison Magic   | 1 2 3 |  3.0
Unarmed Combat | 4 |  4.8
Fighting       | 2 |  2.5
Transmutations | 3 |  3.3
Dodging        | 3 |  3.0
Ice Magic      | 1 |  1.2
Spellcasting   | 3 |  3.0

Action                   |  1- 3 |  4- 6 |  7- 9 || total
-------------------------+-------+-------+-------++-------
Melee: Unarmed           |    75 |   116 |    11 ||   202
       Constrict         |    21 |    28 |     1 ||    50
       Tentacles         |    11 |    14 |       ||    25
       Kick              |     2 |    13 |     1 ||    16
       Punch             |     1 |     1 |       ||     2
 Cast: Beastly Appendage |     9 |    17 |     2 ||    28
       Spider Form       |       |     2 |     1 ||     3
Invok: Lunge             |       |     3 |     1 ||     4
  Use: Scroll            |       |     7 |       ||     7
       Potion            |       |       |     1 ||     1
 Stab: Sleeping          |     8 |     5 |       ||    13
Armor: Skin              |    11 |    16 |       ||    27
Dodge: Dodged            |    43 |   107 |     9 ||   159

Table legend: (Time is in decaauts)
 A = Elapsed time spent in this place.
 B = Non-inter-level travel time spent in this place.
 C = Inter-level travel time spent in this place.
 D = Time resting spent in this place.
 E = Time spent auto-exploring this place.
 F = Levels seen in this place.
 G = Mean time per level.
                   A        B        C        D        E       F      G
               +--------+--------+--------+--------+--------+-----+--------+
         Total |   5873 |   5703 |    170 |    986 |   3976 |   6 |  978.8 |
       Dungeon |   5733 |   5595 |    138 |    986 |   3869 |   5 | 1146.6 |
        Temple |    139 |    108 |     31 |      0 |    107 |   1 |  139.0 |
               +--------+--------+--------+--------+--------+-----+--------+

Top non-repeatable levels by time:
     D:1: 1887 daAuts
     D:4: 1367 daAuts
     D:2: 1107 daAuts
     D:3: 984 daAuts
     D:5: 386 daAuts
  Temple: 139 daAuts
